 Dungeon Crawl Stone Soup version 0.19.4-12-gccf7e64 (webtiles) character file.

793 Megalobster the Cleaver (level 7, 0/61 HPs)
             Began as a Minotaur Berserker on Feb 26, 2017.
             Was an Elder of Trog.
             Slain by a gnoll
             ... wielding a +0 whip
              (2 damage)
             ... on level 4 of the Dungeon.
             The game lasted 00:16:08 (3709 turns).

Megalobster the Cleaver (Minotaur Berserker)        Turns: 3709, Time: 00:16:09

Health: 0/61       AC: 10    Str: 26    XL:     7   Next: 57%
Magic:  6/6        EV: 10    Int:  4    God:    Trog [****..]
Gold:   238        SH:  0    Dex:  9    Spells: 0 memorised, 6 levels left

rFire  . . .     SeeInvis +     a - +0 hand axe
rCold  . . .     Gourm    .     x - +0 scale mail
rNeg   . . .     Faith    .     (no shield)
rPois  .         Spirit   .     (helmet restricted)
rElec  .         Reflect  .     J - +2 cloak
rCorr  .         Harm     .     p - +0 pair of gloves
MR     ++...                    (no boots)
Stlth  ..........               (no amulet)
                                j - +2 ring of strength
                                h - ring of see invisible

@: exhausted, regenerating, slowed, very slow
A: retaliatory headbutt, horns 2
a: Berserk, Trog's Hand, Brothers in Arms, Burn Spellbooks, Renounce Religion


You were on level 4 of the Dungeon.
You worshipped Trog.
Trog was greatly pleased with you.
You were very hungry.

You visited 1 branch of the dungeon, and saw 4 of its levels.

You collected 238 gold pieces.

Inventory:

Hand Weapons
 a - a +0 hand axe (weapon)
 K - a +0 falchion of holy wrath
Missiles
 d - 176 stones (quivered)
 y - 3 tomahawks
 E - 30 sling bullets
Armour
 n - a +0 robe
 p - a +0 pair of gloves (worn)
 w - a +0 leather armour
 x - a +0 scale mail (worn)
 B - a +0 ring mail
 J - a +2 cloak (worn)
Jewellery
 h - a ring of see invisible (left hand)
 j - a +2 ring of strength (right hand)
 A - an uncursed ring of magical power
 I - an uncursed ring of ice
Scrolls
 q - a scroll of identify {unknown}
 s - 3 scrolls of blinking {unknown}
 t - 2 scrolls of fear {unknown}
 v - 2 scrolls of remove curse
 D - a scroll of teleportation {unknown}
 F - 2 scrolls of enchant weapon {unknown}
Potions
 c - a potion of beneficial mutation {unknown}
 f - a potion of brilliance {unknown}
 i - a potion of might {unknown}
 r - a potion of cancellation {unknown}
 C - 2 potions of experience {unknown}
 G - a potion of invisibility {unknown}
Comestibles
 k - a slice of pizza
 m - 15 chunks of flesh
 u - 2 bread rations
 z - a meat ration
 H - a beef jerky
 L - a royal jelly


   Skills:
 + Level 5.6 Fighting
 * Level 9.9 Axes
 - Level 2.4 Armour
 - Level 2.1 Dodging


You had 6 spell levels left.
You didn't know any spells.

Dungeon Overview and Level Annotations

Branches:
Dungeon (4/15)
 Temple: D:4-7

Altars:
Dithmenos
Hepliaklqana
Xom
Yredelemnul

Shops:
D:4 (


Innate Abilities, Weirdness & Mutations

You reflexively headbutt those who attack you in melee.
You have a pair of horns on your head.


Message History

The gnoll hits you from afar with a spear!
* * * LOW HITPOINT WARNING * * *
The gnoll closely misses you. The gnoll barely misses you.
You feel better. The gnoll hits you with a whip. The gnoll barely misses you.
The gnoll hits you but does no damage. x2
The gnoll hits you from afar with a spear.
* * * LOW HITPOINT WARNING * * *
The gnoll hits you but does no damage. The gnoll barely misses you.
The gnoll hits you from afar with a spear.
* * * LOW HITPOINT WARNING * * *
The gnoll hits you with a whip.
* * * LOW HITPOINT WARNING * * *
The gnoll hits you from afar with a spear.
* * * LOW HITPOINT WARNING * * *
As you read the scroll of fog, it crumbles to dust.
The scroll dissolves into smoke.
The gnoll hits you but does no damage. x2
The gnoll hits you from afar with a halberd.
* * * LOW HITPOINT WARNING * * *
The gnoll barely misses you. The gnoll hits you with a whip.
You die...

≈≈≈≈≈≈≈≈≈≈≈≈≈≈≈≈....≈≈≈≈≈≈≈≈≈≈≈≈≈
####≈≈≈≈≈≈≈≈≈≈≈≈....≈≈≈≈≈≈≈≈≈≈≈≈#
.gg#................=...........#
...#############''''#############
##+#..#..#######....#######.....#
.# #.K#..'.....'....'.....'÷)...#
.# #..#..#######.)).#######)....#
.# ##############§g##### #######
.# .....§g@§gg..... .#
......§§gg....(. .#
.....§..§g...... .#
................ .#
########''###### ##+# +..+ #
...##############################
gg.#......^.....................#
####≈≈≈≈≈≈≈≈≈≈≈≈≈≈≈≈≈≈≈≈≈≈≈≈≈≈≈≈#


You could see 7 gnolls.

Vanquished Creatures
  An ogre (D:4)
  A gnoll sergeant (D:4)
  A howler monkey (D:4)
  A hound (D:4)
  2 gnoll shamans (D:4)
  2 iguanas (D:4)
  A worker ant (D:4)
  2 orc wizards (D:3)
  Robin (D:2)
  22 gnolls
  An adder (D:3)
  2 oozes (D:1)
  An adder skeleton (D:4)
  2 worms
  4 dart slugs
  2 leopard geckos (D:1)
  14 orcs
  4 giant cockroaches
  15 goblins
  10 hobgoblins
  17 jackals
  10 kobolds
  A quokka (D:4)
  A ball python (D:4)
  8 bats
  7 frilled lizards
  10 rats
143 creatures vanquished.

Notes
Turn   | Place    | Note
-------+----------+-------------------------------------------
     0 | D:1      | Megalobster the Minotaur Berserker began the quest for the Orb.
     0 | D:1      | Reached XP level 1. HP: 19/19 MP: 0/0
     9 | D:1      | Reached skill level 4 in Axes
    71 | D:1      | Reached XP level 2. HP: 25/26 MP: 1/1
   305 | D:1      | Reached skill level 5 in Axes
   334 | D:1      | Reached XP level 3. HP: 26/31 MP: 2/2
   762 | D:1      | Reached ** piety under Trog
   781 | D:2      | HP: 2/46 [bat (1)]
   782 | D:2      | Noticed Robin
   786 | D:2      | HP: 1/31 [bat (1)]
   792 | D:2      | Killed Robin
   792 | D:2      | Reached XP level 4. HP: 10/39 MP: 3/3
   793 | D:2      | Reached skill level 6 in Axes
  1865 | D:3      | Reached *** piety under Trog
  1907 | D:3      | Found a faded altar of an unknown god.
  2118 | D:3      | Found a basalt altar of Yredelemnul.
  2120 | D:3      | Reached XP level 5. HP: 45/45 MP: 4/4
  2147 | D:3      | Reached skill level 7 in Axes
  2288 | D:3      | Found a shimmering altar of Xom.
  2720 | D:4      | Found a shadowy altar of Dithmenos.
  2733 | D:4      | Found a hazy altar of Hepliaklqana.
  2744 | D:4      | Noticed an ogre
  2749 | D:4      | Killed an ogre
  2749 | D:4      | Reached skill level 8 in Axes
  2749 | D:4      | Reached XP level 6. HP: 52/52 MP: 5/5
  2877 | D:4      | Found Usot's Weapon Shoppe.
  3121 | D:4      | Reached **** piety under Trog
  3620 | D:4      | Reached skill level 9 in Axes
  3624 | D:4      | Reached XP level 7. HP: 53/60 MP: 6/6
  3693 | D:4      | Reached skill level 5 in Fighting
  3709 | D:4      | HP: 2/61 [gnoll/halberd (6)]
  3709 | D:4      | Slain by a gnoll

Skill      XL: |  1  2  3  4  5  6  7 |
---------------+----------------------+-----
Axes           | 4 5 6 8 9 |  9.9
Fighting       | 4 5 |  5.6
Armour         | |  2.4
Dodging        | |  2.1

Action                   |  1- 3 |  4- 6 |  7- 9 || total
-------------------------+-------+-------+-------++-------
Melee: Hand axe          |    65 |   174 |    19 ||   258
       Headbutt          |    11 |    41 |     8 ||    60
Throw: Stone             |       |    18 |       ||    18
Invok: Berserk           |     1 |     2 |     1 ||     4
       Trog's Hand       |     1 |       |     1 ||     2
  Use: Potion            |     1 |       |     1 ||     2
       Scroll            |       |     2 |     1 ||     3
 Stab: Sleeping          |       |     1 |       ||     1
  Eat: Chunk             |       |     8 |       ||     8
       Bread ration      |       |     1 |       ||     1
Armor: Animal skin       |     7 |     1 |       ||     8
       Robe              |       |    31 |       ||    31
       Scale mail        |       |     3 |    25 ||    28
Dodge: Dodged            |    41 |    93 |    34 ||   168
